 Dungeon Crawl Stone Soup version 0.26-a0-812-g31a745ddcd (webtiles) character file.

Game seed: 2418371999133142485

39 grindst0ne the Sneak (level 3, -4/16 HPs)
             Began as a Spriggan Enchanter on Nov 28, 2020.
             Killed from afar by an orc wizard (11 damage)
             ... with a magic dart
             ... on level 1 of the Dungeon.
             The game lasted 00:03:41 (1897 turns).

grindst0ne the Sneak (Spriggan Enchanter)           Turns: 1897, Time: 00:03:41

Health: -4/16      AC:  2    Str:  4    XL:     3   Next: 28%
Magic:  1/8        EV: 19    Int: 17    God:
Gold:   61         SH:  0    Dex: 16    Spells: 1/7 levels left

rFire    . . .     SeeInvis +   g - +2 short sword (elec)
rCold    . . .     Faith    .   (shield restricted)
rNeg     . . .     Spirit   .   b - +0 robe
rPois    .         Reflect  .   (helmet restricted)
rElec    .         Harm     .   (no cloak)
rCorr    .         Rampage  .   (gloves unavailable)
MR       .....                  (boots unavailable)
Stlth    +++.......             (no amulet)
HPRegen  0.05/turn              (no ring)
MPRegen  0.11/turn              (no ring)

@: very quick
A: very small, unfitting armour, see invisible, speed 3
a: no special abilities


You were on level 1 of the Dungeon.
You visited 1 branch of the dungeon, and saw 2 of its levels.

You collected 61 gold pieces.

Inventory:

Hand Weapons
 a - a +1 dagger
 g - a +2 short sword of electrocution (weapon)
Armour
 b - a +0 robe (worn)
Scrolls
 h - a scroll of remove curse {unknown}
 i - 2 scrolls of identify {unknown}
Potions
 f - a potion of magic {unknown}
 j - a potion of resistance {unknown}


   Skills:
 - Level 1.1 Short Blades
 + Level 4.0 Dodging
 + Level 5.3 Stealth
 - Level 2.6 Spellcasting
 + Level 4.2 Hexes


You had one spell level left.
You knew the following spells:

 Your Spells              Type           Power        Failure   Level
a - Corona                Hex            ###....      3%          1
b - Ensorcelled Hibernat  Hex/Ice        #.....       12%         2
c - Confusing Touch       Hex            ###.....     10%         3

Your spell library contained the following spells:

 Spells                   Type           Power        Failure   Level
 Tukima's Dance           Hex            ###.....     10%         3
 Dazzling Flash           Conj/Hex       #.....       22%         3


Dungeon Overview and Level Annotations

Branches:
Dungeon (2/15)

Altars:


Innate Abilities, Weirdness & Mutations

You are very small and have problems with some larger weapons.
You are too small for most types of armour.
You have supernaturally acute eyesight. (SInv)
You cover ground extremely quickly.


Message History

There is a stone staircase leading down here.
The orc wizard completely misses you. The orc wizard closely misses you.
There is an open door here.
Casting: Ensorcelled Hibernation (safe; 12% risk of failure)
Confirm with . or Enter, or press ? or * to list all spells.
Aiming: Ensorcelled Hibernation (safe; 12% risk of failure)
Press: ? - help, Shift-Dir - straight line, f - orc wizard
Aim: an orc wizard, wielding a +0 dagger and wearing a +0 robe (fast, chance to defeat MR: 40%)
The orc wizard resists with some effort.
The orc wizard casts a spell at you. The magic dart hits you.
* * * LOW HITPOINT WARNING * * *
It was a potion of curing.
You feel better. The orc wizard casts a spell at you. The magic dart hits you.
The orc wizard casts a spell at you. The magic dart hits you!
Ouch! That really hurt!
You die...

..# #.# ################
#.############ #...............
#.#........o.### ########........
#....#######...##########......##
....##♣.♣.###...........'....)...
..###♣......∩#.##########..(.....
#.# #.......##..###########......
#.# #..♣.....##.@................
#.# #........♣##########.....#.##
#.####..........♣.## #(........
#.##.∩.............# #.........
#.####.....8......♣# ####..####
..# #...........♣..#### #..# #
..# ###............#..#####..# #
..# #.∩..........[.#..#......# #
..#####............#..#.###..####


You could see an orc wizard (fast).

Vanquished Creatures
  An adder (D:2)
  2 leopard geckos (D:1)
  2 orcs (D:2)
  A bat (D:1)
  2 giant cockroaches (D:1)
  3 hobgoblins
  3 jackals (D:1)
  4 kobolds (D:1)
  3 frilled lizards
  2 goblins
  2 rats (D:1)
25 creatures vanquished.

Notes
Turn   | Place    | Note
-------+----------+-------------------------------------------
     0 | D:1      | grindst0ne the Spriggan Enchanter began the quest for the
                  | Orb.
     0 | D:1      | Reached XP level 1. HP: 9/9 MP: 5/5
   638 | D:1      | Reached XP level 2. HP: 13/13 MP: 6/6
   688 | D:1      | Learned a level 2 spell: Ensorcelled Hibernation
  1113 | D:1      | Reached skill level 5 in Stealth
  1800 | D:2      | Reached XP level 3. HP: 16/16 MP: 5/8
  1805 | D:2      | Learned a level 3 spell: Confusing Touch
  1897 | D:1      | Killed from afar by an orc wizard

Illustrated notes

Levels and vault maps discovered:
D:1:      nzn_arrival_settlement, layout_basic
D:2:      layout_rooms, uniq_robin

Skill      XL: |  1  2  3 |
---------------+----------+-----
Hexes          | 4 |  4.2
Stealth        | 5 |  5.3
Dodging        | 4 |  4.0
Short Blades   | |  1.1
Spellcasting   | |  2.6

Action                   || total
-------------------------++-------
Melee: Dagger            ||    55
       Short sword       ||    13
 Cast: Ensorcelled Hiber ||    14
       Corona            ||     2
  Use: Potion            ||     3
 Stab: Sleeping          ||    16
Armor: Robe              ||     7
Dodge: Dodged            ||    56

Table legend: (Time is in decaauts)
 A = Elapsed time spent in this place.
 B = Non-inter-level travel time spent in this place.
 C = Inter-level travel time spent in this place.
 D = Time resting spent in this place.
 E = Time spent auto-exploring this place.
 F = Levels seen in this place.
 G = Mean time per level.
                   A        B        C        D        E       F      G
               +--------+--------+--------+--------+--------+-----+--------+
         Total |   1465 |   1447 |     18 |    390 |    665 |   2 |  732.5 |
       Dungeon |   1465 |   1447 |     18 |    390 |    665 |   2 |  732.5 |
               +--------+--------+--------+--------+--------+-----+--------+

Top non-repeatable levels by time:
     D:1: 1282 daAuts
     D:2: 183 daAuts
